Map: Abiogenesis LE

Players

fruitcake - Winner!

  • Race: Terran Terran
  • Spawn Location: 5:00

A.I. 1 (Harder)

  • Race: Zerg Zerg
  • Spawn Location: 11:00

VOD

Have the link to the VOD?

Description

Time

  • Played on: May 6, 2018, 7:56 a.m.
  • Length: 6:51
Show
View Real Time Build Order
Export as new Build Order

fruitcake Terran - Winner!

Build Orders:  

Get SALT Encoding   

  12  0:00  SCV  
  13  0:14  Supply Depot  
  13  0:24  SCV, Refinery  
  14  0:36  SCV  
  15  0:48  Barracks  
  15  0:49  SCV  
  16  1:01  SCV  
  17  1:12  Refinery  
  17  1:13  SCV  
  17  1:18  Barracks  
  18  1:25  SCV  
  18  1:30  Supply Depot  
  19  1:34  Marine  
  19  1:38  SCV  
  21  1:50  SCV  
  22  1:58  Marine, Supply Depot  
  23  2:02  SCV  
  23  2:07  Barracks  
  23  2:08  Barracks Reactor  
  24  2:16  SCV  
  25  2:28  Orbital Command  
  25  2:37  Barracks Tech Lab  
  25  2:41  Engineering Bay  
  25  2:46  Marine x2  
  27  2:56  Barracks Reactor  
  27  3:05  Marine x2, Marauder  
  29  3:09  Stimpack  
  29  3:12  Terran Infantry Weapons Level 1  
  31  3:25  Marine x2  
  33  3:27  Supply Depot  
  33  3:30  Marine  
  33  3:33  Supply Depot  
  34  3:36  Marine  
  34  3:37  Marine  
  36  3:42  Marine  
  36  3:43  Marine  
  36  3:48  Marine  
  39  3:54  Marine  
  39  3:55  Marine  
  41  4:00  Marine x2  
  43  4:05  Marine  
  44  4:11  Supply Depot  
  44  4:12  Marine x2  
  46  4:18  Marine  
  46  4:20  Marine, Supply Depot  
  46  4:23  Marine  
  49  4:30  Marine  
  50  4:32  Marine  
  51  4:40  Supply Depot  
  51  4:48  Marine  
  51  4:49  Marine, Marauder  
  51  4:51  Marine  
  56  4:54  Marine  
  57  5:06  Marine  
  58  5:07  Marine  
  58  5:09  Marine, Concussive Shells  
  58  5:11  Marauder  
  62  5:16  Marine  
  63  5:24  Marine  
  63  5:25  Marine  
  63  5:27  Marine  
  66  5:31  Marine  
  66  5:34  SCV  
  68  5:38  Marine  
  68  5:42  Marine  
  70  5:43  Marine  
  70  5:45  Marine  
  59  6:06  Marine x3, Marauder  
  64  6:28  Marauder  
Show
View Real Time Build Order
Export as new Build Order

A.I. 1 (Harder) Zerg 

Build Orders: Pool Only 

Get SALT Encoding   

  12  0:00  Drone  
  13  0:12  Overlord  
  13  0:16  Drone  
  14  0:30  Drone x2  
  16  0:42  Spawning Pool  
  16  0:45  Drone  
  16  0:50  Drone  
  16  0:54  Extractor  
  16  0:56  Drone  
  17  1:06  Overlord  
  17  1:31  Zergling x2, Queen  
  20  1:38  Drone, Roach Warren  
  20  1:40  Zergling x2  
  20  1:44  Extractor  
  20  1:49  Drone  
  21  2:00  Drone  
  22  2:10  Overlord  
  22  2:21  Drone  
  23  2:32  Roach  
  25  2:38  Drone  
  25  2:40  Overlord  
  25  2:41  Roach  
  28  2:51  Roach  
  30  3:00  Roach  
  32  3:09  Roach  
  32  3:12  Overlord  
  34  3:18  Roach  
  36  3:28  Roach  
  38  3:37  Roach  
  40  3:42  Overlord  
  40  3:46  Roach  
  42  3:55  Roach  
  42  3:58  Drone  
  42  4:01  Drone  
  46  4:06  Drone  
  47  4:14  Roach, Drone  
  47  4:16  Overlord  
  50  4:20  Drone  
  51  4:28  Drone  
  52  4:32  Baneling Nest  
  51  4:39  Drone, Evolution Chamber  
  53  4:45  Roach, Drone  
  54  4:55  Roach  
  56  5:04  Roach  
  58  5:56  Zergling x2  
  33  6:05  Queen  
  33  6:06  Zergling x8  
  33  6:08  Zergling x2  
  34  6:17  Zergling x2  
  34  6:23  Roach  
  32  6:26  Zergling x2  
Tags
 
Add a new tag
Caveats
  • Supply blocks, unpowered buildings, or Contaminate may cause inaccurate times.
  • Supply counts are checked every 10 seconds.